 Dungeon Crawl Stone Soup version 0.29-a0-275-g389c0b56f3 (webtiles) character file.

Game seed: 4011905490162099191

87319 epen the Carver (level 15, -11/121 HPs)
             Began as a Gnoll Cinder Acolyte on Mar 11, 2022.
             Was an Initiate of Makhleb.
             Mangled by a fire giant
             ... wielding a +2 great sword of flaming
              (25 damage)
             ... on level 15 of the Dungeon.
             The game lasted 00:51:16 (24481 turns).

epen the Carver (Gnoll Cinder Acolyte)             Turns: 24481, Time: 00:51:17

Health: -11/121    AC: 14    Str: 24    XL:     15   Next: 90%
Magic:  7/29       EV: 18    Int: 15    God:    Makhleb [......]
Gold:   1149       SH: 12    Dex:  7    Spells: 7/35 levels left

rFire   . . .      SeeInvis .   W - +3 trident
rCold   . . .      Faith    .   D - +1 buckler
rNeg    . . .      Spirit   .   U - +2 robe "Ume Amna" {Slay+5}
rPois   +          Reflect  +   F - +0 helmet "Higyr" {rC- Regen+ Slay+5}
rElec   .          Harm     .   i - +2 cloak
rCorr   .          Rampage  .   r - +2 pair of gloves "Ypla" {rPois rC+ Str+6 Dex-2}
Will    +....                   v - +0 pair of boots
Stlth   ++++......              g - amulet of reflection
HPRegen 1.10/turn               c - ring of wizardry
MPRegen 0.21/turn               E - +4 ring of evasion

@: fire susceptible
A: fangs 1, strong nose, distributed training
a: Renounce Religion


You were on level 15 of the Dungeon.
You worshipped Makhleb.
Makhleb was noncommittal.
You visited 3 branches of the dungeon, and saw 22 of its levels.

You collected 1415 gold pieces.
You spent 266 gold pieces at shops.

Inventory:

Hand Weapons
 a - a -1 falchion of flaming
 l - a +3 whip of electrocution
 s - a +0 shortbow of flaming
 W - a +3 trident (weapon)
Missiles
 C - 2 throwing nets (quivered)
Armour
 i - a +2 cloak (worn)
 r - the +2 pair of gloves "Ypla" (worn) {rPois rC+ Str+6 Dex-2}
   (You found it on level 3 of the Dungeon)

   Str:       It affects your strength (+6).
   Dex:       It affects your dexterity (-2).
   rC:        It protects you from cold.
   rPois:     It protects you from poison.
 v - a +0 pair of boots (worn)
 D - a +1 buckler (worn)
 F - the +0 helmet "Higyr" (worn) {rC- Regen+ Slay+5}
   (You bought it in a shop on level 3 of the Dungeon)

   Slay:      It affects your accuracy & damage with ranged weapons and melee
   (+5).
   rC:        It makes you vulnerable to cold.
   Regen:     It increases your rate of health regeneration.
 H - a +0 cloak
 U - the +2 robe "Ume Amna" (worn) {Slay+5}
   (You found it on level 1 of the Lair of Beasts)

   Slay:      It affects your accuracy & damage with ranged weapons and melee
   (+5).
Jewellery
 c - a ring of wizardry (left hand)
 d - a +6 ring of intelligence
 g - an amulet of reflection (around neck)
 h - a +6 ring of strength
 E - a +4 ring of evasion (right hand)
 K - a +4 ring of protection
 Y - a ring of magical power
Wands
 f - a wand of acid (9)
 z - a wand of charming (9)
 I - a wand of paralysis (11)
 J - a wand of iceblast (11)
 M - a wand of flame (26)
Scrolls
 e - 3 scrolls of magic mapping
 m - 2 scrolls of enchant weapon
 p - 2 scrolls of teleportation
 y - 3 scrolls of blinking
 G - 8 scrolls of identify
 L - 7 scrolls of fear
 O - 3 scrolls of amnesia
 Q - a scroll of enchant armour
 S - 2 scrolls of silence
 T - a scroll of summoning
Potions
 b - a potion of mutation
 j - 3 potions of cancellation
 k - a potion of haste
 n - 2 potions of ambrosia
 q - 2 potions of heal wounds
 u - a potion of brilliance
 w - 12 potions of curing
 A - 2 potions of flight
 N - a potion of might
 X - a potion of resistance


   Skills:
 + Level 12.2 Fighting
 + Level 10.4 Short Blades
 + Level 12.2 Long Blades
 + Level 10.4 Axes
 + Level 10.4 Maces & Flails
 + Level 10.4 Polearms
 + Level 10.4 Staves
 + Level 10.4 Slings
 + Level 10.4 Bows
 + Level 10.4 Crossbows
 + Level 10.4 Throwing
 + Level 10.4 Armour
 + Level 10.4 Dodging
 + Level 10.4 Stealth
 + Level 10.4 Shields
 + Level 10.4 Unarmed Combat
 + Level 10.8 Spellcasting
 + Level 8.8 Conjurations
 + Level 8.8 Hexes
 + Level 8.8 Summonings
 + Level 8.8 Necromancy
 + Level 8.8 Translocations
 + Level 8.8 Transmutations
 + Level 10.4 Fire Magic
 + Level 8.8 Ice Magic
 + Level 8.8 Air Magic
 + Level 8.8 Earth Magic
 + Level 8.8 Poison Magic
 + Level 11.4 Invocations
 + Level 10.4 Evocations


You had 7 spell levels left.
You knew the following spells:

 Your Spells              Type           Power      Damage    Failure   Level
a - Scorch                Fire           78%        2d8       1%          2
b - Magic Dart            Conj           100%       1d8       1%          1
c - Conjure Flame         Conj/Fire      36%        6-21      1%          3
d - Sticky Flame          Conj/Fire      36%        2d6       1%          4
e - Blink                 Tloc           68%        N/A       1%          2
f - Fireball              Conj/Fire      18%        3d9       2%          5
g - Freezing Cloud        Conj/Ice/Air   17%        6-21      3%          5
h - Summon Cactus Giant   Summ           17%        N/A       17%         6

Your spell library contained the following spells:

 Spells                   Type           Power      Damage    Failure   Level
 Animate Skeleton         Necr           68%        N/A       1%          1
 Apportation              Tloc           68%        N/A       1%          1
 Shock                    Conj/Air       100%       1d9       1%          1
 Summon Small Mammal      Summ           100%       N/A       1%          1
 Call Imp                 Summ           34%        N/A       1%          2
 Ignite Poison            Fire/Tmut/Pois 36%        N/A       1%          3
 Lesser Beckoning         Tloc           34%        N/A       1%          3
 Mephitic Cloud           Conj/Pois/Air  34%        N/A       1%          3
 Swiftness                Air            34%        N/A       1%          3
 Airstrike                Air            17%        N/A       1%          4
 Fulminant Prism          Conj/Hex       17%        3d11      1%          4
 Iskenderun's Mystic Bla  Conj/Tloc      34%        2d8       1%          4
 Alistair's Intoxication  Tmut/Pois      22%        N/A       3%          5
 Borgnjor's Vile Clutch   Necr/Erth      17%        N/A       3%          5
 Iskenderun's Battlesphe  Conj           34%        2d9       3%          5
 Lee's Rapid Deconstruct  Erth           17%        3d11*     3%          5
 Manifold Assault         Tloc           34%        N/A       3%          5
 Summon Forest            Summ/Tloc      17%        N/A       3%          5
 Summon Mana Viper        Hex/Summ       34%        N/A       3%          5
 Conjure Ball Lightning   Conj/Air       17%        3x3d6     17%         6
 Eringya's Noxious Bog    Tmut/Pois      17%        N/A       17%         6
 Orb of Destruction       Conj           17%        9d7       65%         7


Dungeon Overview and Level Annotations

Branches:
Dungeon (15/15)            Temple (1/1) D:4            Lair (6/6) D:8
 Shoals (0/4) Lair:4       Spider (0/4) Lair:4        Slime (0/5) Lair:5
    Orc (0/2) D:12         Vaults (0/5) D:14         Depths (0/4) D:15

Altars:
Ashenzari
Cheibriados
Dithmenos
Elyvilon
Fedhas
Gozag
Hepliaklqana
Kikubaaqudgha
Makhleb
Nemelex Xobeh
Okawaru
Qazlal
Ru
Sif Muna
Trog
Uskayaw
Vehumet
Wu Jian
Xom
Yredelemnul
Zin
The Shining One
Lugonu

Shops:
D:3 [(*(

Portals:
Abyss: Lair:6
Trove: D:10 (give battleaxe "Zoili")

Annotations:
Lair:4 1 runed translucent door, Cemuf's ghost, adept DjFE


Innate Abilities, Weirdness & Mutations

You have very sharp teeth.
Your uncanny sense of smell can sniff out nearby items.
Your experience applies equally to all skills.


Message History

Confirm with . or Enter, or press ? or * to list all spells.
The fire giant is engulfed in freezing vapours.
The orc warrior is engulfed in freezing vapours.
You kill the orc warrior!
Makhleb accepts your kill.
You feel much better.
The orc knight is engulfed in freezing vapours.
The fire giant hits you with a +2 great sword of flaming.
The fire giant burns you.
Casting: Summon Cactus Giant (dangerous; 17% risk of failure)
Confirm with . or Enter, or press ? or * to list all spells.
Aiming: Freezing Cloud (dangerous; 3% risk of failure)
Press: ? - help, Dir - move target
Okay, then.
Okay, then.
Okay, then.
As you read the scroll of summoning, it crumbles to dust.
Wisps of shadow whirl around you... You block the fire giant's attack.
The orc knight is engulfed in freezing vapours.
Your cactus giant hits the fire giant with a +0 giant spiked club!
You hit the fire giant.
The fire giant is moderately wounded.
The orc knight is engulfed in freezing vapours.
The fire giant points at you and mumbles some strange words.
The fireball explodes!
The fireball engulfs you!!
* * * LOW HITPOINT WARNING * * *
You hear a sizzling sound!
The fireball engulfs the fire giant!
The fire giant resists.
The fireball engulfs your boulder beetle!
The fireball engulfs your cactus giant!!
The fireball engulfs your two-headed ogre!!
You puncture the fire giant!
You bite the fire giant, but do no damage.
The fire giant is heavily wounded.
Your deep elf pyromancer mumbles some strange words.
Your deep elf pyromancer blinks!
The orc knight is engulfed in freezing vapours.
The orc warrior hits your two-headed ogre with a +0 war axe!
The fire giant hits you with a +2 great sword of flaming!!
You die...

########.##.###.##
#...............## ∆
#.................
#.......###.#....# #
#.......# #.#....# #⌠
#.......# #.##.... #..
#§......# #.##....
###○§○##C......###.......
...§☼§§C@BeO.....####.)..
...○○§§oOOB......####....
....o§§§§O...............
.....§oO...O.............
........#########........
######### #####....
########.... ............
............


You could see a fire giant (ally target), an orc knight, an orc warrior
(strong), an orc (strong), 2 friendly boulder beetles, 4 friendly two-headed
ogres, a friendly ogre mage (summoned), a friendly cactus giant (summoned), a
friendly deep elf pyromancer (summoned) and a friendly ogre (summoned).

Vanquished Creatures
  Gastronok (Lair:2)
  4 boulder beetles
  A catoblepas (Lair:6)
  7 hydras
  3 two-headed ogres
  A tengu warrior (D:15)
  6 centaur warriors
  4 death yaks (Lair:5)
  A titan zombie (D:15)
  3 thrashing horrors (Lair:6)
  A storm dragon zombie (D:15)
  A skeletal warrior (D:15)
  A deep elf archer (D:14)
  Pikel (D:4)
  A wizard (D:14)
  2 orc knights
  9 ugly things
  A necromancer (D:15)
  A mana viper (shapeshifter) (Lair:6)
  A lindwurm (Lair:6)
  A phantasmal warrior (D:15)
  2 deep elf pyromancers
  An oklob plant (Lair:5)
  A manticore (D:13)
  A frost giant zombie (D:15)
  A sphinx skeleton (D:15)
  7 cyclopes
  20 elephants
  3 black mambas
  15 cane toads
  2 smoke demons (Lair:6)
  6 gargoyles
  An unseen horror (D:13)
  A kobold demonologist (D:12)
  An efreet (D:14)
  An ancient zyme (Lair:6)
  11 komodo dragons
  A merfolk (D:10)
  3 polar bears (Lair:6)
  3 tengu conjurers
  4 trolls
  3 nameless horrors
  2 hornets
  10 slime creatures
  18 blink frogs
  A jumping spider (Lair:4)
  2 spriggans (Lair:6)
  A ynoxinul (Lair:6)
  4 wraiths
  3 shadows
  71 yaks
  4 wyverns
  8 fire elementals (D:15)
  A chaos spawn (Lair:6)
  7 vampire mosquitoes (D:11)
  6 basilisks
  An acid dragon (D:11)
  A two-headed ogre zombie (D:12)
  19 water moccasins
  3 orc warriors
  5 sky beasts
  3 ice beasts
  5 black bears
  4 ogres
  16 wolves
  12 centaurs
  A phantom (D:12)
  A bullfrog (shapeshifter) (D:15)
  2 kobold brigands
  2 necrophages (D:8)
  2 gnoll sergeants (D:10)
  8 bullfrogs
  2 scorpions
  10 small abominations (Lair:6)
  7 wights
  3 troll zombies (D:12)
  12 killer bees
  5 howler monkeys
  2 jellies
  3 hounds
  An orc priest (D:14)
  2 gnoll shamans
  Terence (D:2)
  4 iguanas
  8 orc wizards
  2 ogre zombies (D:12)
  A hound skeleton (D:8)
  24 gnolls
  6 adders
  A shadow imp (D:7)
  A white imp (D:5)
  A worm (D:2)
  2 dart slugs
  25 orcs
  2 bats (D:1)
  3 endoplasms
  4 giant cockroaches (D:1)
  5 goblins
  2 hobgoblins (D:1)
  3 jackals (D:2)
  A quokka (D:2)
  7 ball pythons
  2 frilled lizards (D:3)
  A goblin skeleton (D:12)
  A goblin zombie (D:12)
  3 hobgoblin skeletons (D:12)
  2 hobgoblin zombies (D:12)
  15 kobolds
  4 orc skeletons (D:12)
  12 orc zombies (D:12)
  8 rats
560 creatures vanquished.

Vanquished Creatures (collateral kills)
  An ogre mage (D:14)
  A death knight (D:14)
  A thrashing horror (Lair:6)
  A skeletal warrior (D:15)
  An ugly thing (Lair:6)
  A smoke demon (Lair:6)
  A polar bear (shapeshifter) (Lair:6)
  2 blink frogs (Lair:6)
  2 yaks (Lair:6)
  A chaos spawn (Lair:6)
  2 orc warriors (D:14)
  A small abomination (Lair:6)
  An orc wizard (D:14)
16 creatures vanquished.

Vanquished Creatures (others)
  31 foxfires (D:5)
  26 fungi
  51 plants
  8 withered plants
116 creatures vanquished.

Grand Total: 692 creatures vanquished

Notes
Turn   | Place    | Note
-------+----------+-------------------------------------------
     0 | D:1      | epen the Gnoll Cinder Acolyte began the quest for the Orb.
     0 | D:1      | Reached XP level 1. HP: 23/23 MP: 4/4
   326 | D:1      | Reached XP level 2. HP: 7/29 MP: 5/5
   448 | D:1      | Learned a level 2 spell: Scorch
   894 | D:1      | Reached XP level 3. HP: 30/35 MP: 7/7
  1529 | D:2      | Reached skill level 1 in Invocations
  1604 | D:2      | Noticed Terence
  1622 | D:2      | Killed Terence
  1623 | D:2      | Reached skill level 1 in Short Blades
  1623 | D:2      | Reached skill level 1 in Axes
  1623 | D:2      | Reached skill level 1 in Maces & Flails
  1623 | D:2      | Reached skill level 1 in Polearms
  1623 | D:2      | Reached skill level 1 in Staves
  1623 | D:2      | Reached skill level 1 in Slings
  1623 | D:2      | Reached skill level 1 in Bows
  1623 | D:2      | Reached skill level 1 in Crossbows
  1623 | D:2      | Reached skill level 1 in Throwing
  1623 | D:2      | Reached skill level 1 in Armour
  1623 | D:2      | Reached skill level 1 in Dodging
  1623 | D:2      | Reached skill level 1 in Stealth
  1623 | D:2      | Reached skill level 1 in Shields
  1623 | D:2      | Reached skill level 1 in Unarmed Combat
  1623 | D:2      | Reached skill level 1 in Evocations
  1623 | D:2      | Reached XP level 4. HP: 5/41 MP: 8/8
  2541 | D:2      | You fall into a shaft and drop 1 floor!
  2576 | D:3      | Found Vuargh's Antique Armour Emporium.
  2655 | D:3      | Found a faded altar of an unknown god.
  2690 | D:3      | Reached skill level 1 in Conjurations
  2690 | D:3      | Reached skill level 1 in Hexes
  2690 | D:3      | Reached skill level 1 in Summonings
  2690 | D:3      | Reached skill level 1 in Necromancy
  2690 | D:3      | Reached skill level 1 in Translocations
  2690 | D:3      | Reached skill level 1 in Transmutations
  2690 | D:3      | Reached skill level 1 in Ice Magic
  2690 | D:3      | Reached skill level 1 in Air Magic
  2690 | D:3      | Reached skill level 1 in Earth Magic
  2690 | D:3      | Reached skill level 1 in Poison Magic
  2850 | D:3      | Reached XP level 5. HP: 19/47 MP: 9/9
  3235 | D:3      | Found Cioj's Weapon Shop.
  3367 | D:3      | Found Geovem's Assorted Antiques.
  3396 | D:3      | Identified the +2 pair of gloves "Ypla" {rPois rC+ Str+6
                  | Dex-2}
  3462 | D:3      | Found Aclef's Weapon Shop.
  3817 | D:4      | Noticed a lemure
  3817 | D:4      | Noticed a lemure
  3819 | D:4      | Noticed a lemure
  3820 | D:4      | Noticed Pikel
  3820 | D:4      | Noticed a lemure
  3838 | D:4      | Killed Pikel
  3839 | D:4      | Reached XP level 6. HP: 25/55 MP: 9/11
  3839 | D:4      | Reached XP level 7. HP: 28/60 MP: 9/12
  4176 | D:4      | Found an opulent altar of Gozag.
  4274 | D:4      | Found a staircase to the Ecumenical Temple.
  4289 | Temple   | Entered the Ecumenical Temple
  4540 | D:5      | Entered Level 5 of the Dungeon
  4575 | D:5      | Learned a level 1 spell: Magic Dart
  4579 | D:5      | Learned a level 3 spell: Conjure Flame
  4589 | D:5      | Learned a level 4 spell: Sticky Flame
  4616 | D:5      | Reached XP level 8. HP: 67/67 MP: 3/14
  5749 | D:6      | Reached XP level 9. HP: 68/72 MP: 5/16
  5885 | D:6      | Found an iron altar of Okawaru.
  6149 | D:7      | Reached skill level 5 in Spellcasting
  6293 | D:7      | Noticed a hornet
  6301 | D:7      | Killed a hornet
  6827 | D:7      | Reached skill level 5 in Invocations
  6845 | D:7      | Reached XP level 10. HP: 44/80 MP: 4/18
  6861 | D:7      | Learned a level 2 spell: Blink
  7447 | D:7      | Reached skill level 5 in Short Blades
  7447 | D:7      | Reached skill level 5 in Axes
  7447 | D:7      | Reached skill level 5 in Maces & Flails
  7447 | D:7      | Reached skill level 5 in Polearms
  7447 | D:7      | Reached skill level 5 in Staves
  7447 | D:7      | Reached skill level 5 in Slings
  7447 | D:7      | Reached skill level 5 in Bows
  7447 | D:7      | Reached skill level 5 in Crossbows
  7447 | D:7      | Reached skill level 5 in Throwing
  7447 | D:7      | Reached skill level 5 in Armour
  7447 | D:7      | Reached skill level 5 in Dodging
  7447 | D:7      | Reached skill level 5 in Stealth
  7447 | D:7      | Reached skill level 5 in Shields
  7447 | D:7      | Reached skill level 5 in Unarmed Combat
  7447 | D:7      | Reached skill level 5 in Evocations
  7672 | D:8      | Found a hazy altar of Hepliaklqana.
  7679 | D:8      | Learned a level 5 spell: Fireball
  8274 | D:8      | Found a staircase to the Lair.
  8475 | D:8      | HP: 1/82 [komodo dragon (20)]
  9049 | D:8      | Found a burning altar of Makhleb.
  9652 | D:3      | Bought a faintly humming helmet for 266 gold pieces
  9652 | D:3      | Identified the +0 helmet "Higyr" {rC- Regen+ Slay+5} (You
                  | bought it in a shop on level 3 of the Dungeon)
  9799 | D:9      | Reached XP level 11. HP: 87/87 MP: 15/20
 10126 | D:9      | Reached skill level 5 in Conjurations
 10126 | D:9      | Reached skill level 5 in Hexes
 10126 | D:9      | Reached skill level 5 in Summonings
 10126 | D:9      | Reached skill level 5 in Necromancy
 10126 | D:9      | Reached skill level 5 in Translocations
 10126 | D:9      | Reached skill level 5 in Transmutations
 10126 | D:9      | Reached skill level 5 in Ice Magic
 10126 | D:9      | Reached skill level 5 in Air Magic
 10126 | D:9      | Reached skill level 5 in Earth Magic
 10126 | D:9      | Reached skill level 5 in Poison Magic
 10543 | D:10     | Entered Level 10 of the Dungeon
 10651 | D:10     | Noticed a two-headed ogre
 10658 | D:10     | Killed a two-headed ogre
 10665 | D:10     | Noticed a cyclops
 10683 | D:10     | Killed a cyclops
 10862 | D:10     | Found a portal to a secret trove of treasure.
 10879 | D:10     | Noticed a five-headed hydra
 10885 | D:10     | Killed a five-headed hydra
 11425 | D:11     | Noticed a two-headed ogre
 11438 | D:11     | Killed a two-headed ogre
 11466 | D:11     | Identified the +1 helmet of Homoyrgh {rElec}
 11767 | D:11     | Learned a level 5 spell: Freezing Cloud
 11909 | D:11     | Noticed a cyclops
 11918 | D:11     | Killed a cyclops
 11919 | D:11     | Reached XP level 12. HP: 96/96 MP: 9/23
 13384 | D:12     | Reached skill level 10 in Fighting
 13384 | D:12     | Reached skill level 10 in Long Blades
 13447 | D:12     | Found a staircase to the Orcish Mines.
 14007 | Lair:1   | Entered Level 1 of the Lair of Beasts
 14085 | Lair:1   | Identified the +2 robe "Ume Amna" {Slay+5}
 15124 | Lair:2   | Noticed Gastronok
 15133 | Lair:2   | Killed Gastronok
 15134 | Lair:2   | Reached XP level 13. HP: 28/104 MP: 10/25
 16475 | Lair:4   | Found a runed translucent door.
 16475 | Lair:4   | Noticed Cemuf's ghost (adept DjFE)
 16927 | Lair:4   | Found a staircase to the Shoals.
 17530 | Lair:4   | Found a hole to the Spider Nest.
 17534 | Lair:4   | You fall into a shaft and drop 2 floors!
 17534 | Lair:6   | Entered Level 6 of the Lair of Beasts
 17698 | Lair:6   | Identified the +3 war axe of Dawn {distort, +Blink rElec
                  | Str-3}
 17967 | Lair:5   | Reached XP level 14. HP: 62/113 MP: 27/27
 18359 | Lair:4   | namelastname112: хохлы короче пидорасы
 18378 | Lair:5   | namelastname112: а русские нацисты
 18379 | Lair:5   | Found a shimmering altar of Xom.
 18895 | Lair:5   | Reached skill level 10 in Invocations
 19077 | Lair:5   | Found a staircase to the Slime Pits.
 19575 | Lair:5   | Learned a level 6 spell: Summon Cactus Giant
 19959 | Lair:6   | Reached skill level 10 in Spellcasting
 20292 | Lair:6   | Found a corrupted altar of Lugonu.
 20292 | Lair:6   | Found a one-way gate to the infinite horrors of the Abyss.
 20505 | Lair:6   | Reached XP level 15. HP: 120/120 MP: 15/29
 20957 | Lair:6   | Reached skill level 10 in Fire Magic
 21864 | D:13     | Reached skill level 10 in Short Blades
 21864 | D:13     | Reached skill level 10 in Axes
 21864 | D:13     | Reached skill level 10 in Maces & Flails
 21864 | D:13     | Reached skill level 10 in Polearms
 21864 | D:13     | Reached skill level 10 in Staves
 21864 | D:13     | Reached skill level 10 in Slings
 21864 | D:13     | Reached skill level 10 in Bows
 21864 | D:13     | Reached skill level 10 in Crossbows
 21864 | D:13     | Reached skill level 10 in Throwing
 21864 | D:13     | Reached skill level 10 in Armour
 21864 | D:13     | Reached skill level 10 in Dodging
 21864 | D:13     | Reached skill level 10 in Stealth
 21864 | D:13     | Reached skill level 10 in Shields
 21864 | D:13     | Reached skill level 10 in Unarmed Combat
 21864 | D:13     | Reached skill level 10 in Evocations
 22337 | D:14     | Found a shimmering blue altar of Sif Muna.
 22671 | D:14     | namelastname112: игнис кстати говорят
 22712 | D:14     | Found a sacrificial altar of Ru.
 22714 | D:14     | namelastname112: поддерживает вторжение
 22716 | D:14     | namelastname112: на украину
 22836 | D:14     | namelastname112: мне кажется надо против него санкции
                  | ебануть
 22953 | D:14     | Found a gate to the Vaults.
 23404 | D:8      | Fell from the grace of Ignis
 23404 | D:8      | Became a worshipper of Makhleb the Destroyer
 23556 | D:15     | Entered Level 15 of the Dungeon
 23563 | D:15     | Found a staircase to the Depths.
 24470 | D:15     | Noticed a fire giant
 24481 | D:15     | Mangled by a fire giant

Illustrated notes

Levels and vault maps discovered:
D:1:      roderic_chinese_lattice_arrival, layout_basic, serial_rivers,
          chequers_serial_rivers_small_3, chequers_serial_rivers_micro_a,
          chequers_serial_rivers_large_b, chequers_serial_rivers_micro_c,
          chequers_serial_rivers_small_b, chequers_serial_rivers_micro_b
D:2:      layout_loops_ring, lemuel_old_faithful, uniq_terence
D:3:      layout_basic, hellmonk_ecumenical_altar_lost_god, serial_shops, shop,
          shop, shop, nicolae_shop_bloodbath_and_beyond
D:4:      layout_rooms, grunt_gozag_statues, temple_fountains, uniq_pikel
D:5:      layout_loops_ring
D:6:      layout_rooms, mainiacjoe_overflow_alcove_1
D:7:      layout_basic, nicolae_concentric_dashed_squares_mild
D:8:      layout_loops_ring, mainiacjoe_overflow_concentric_impassable,
          makhleb_blood_cavern_becter, minmay_lair_entry_grove,
          roderic_serpentine_path
D:9:      layout_basic
D:10:     layout_loops_ring, enter_trove_1, hangedman_fish_farm
D:11:     layout_rooms
D:12:     cheibrodos_statue_roulette, layout_layer_cave, zombieorc2_lemuel
D:13:     layout_cave_pools, kennysheep_generic_room_11
D:14:     layout_cave_pools, hangedman_vaults_entry_quadrant_bands,
          lemuel_coloured_pillars_altar, nicolae_ru_awakened_eye
D:15:     gammafunk_depths_entry_grave, layout_basic, minmay_misc_feat_rows,
          small_chamber_with_monster
Temple:   compressed_dpeg_circular_temple
Lair:1:   layout_cellular_growth, serial_bayou_lagoon_a,
          chequers_serial_rivers_room_b, minivault_11
Lair:2:   layout_regular_city, grunt_megastairs_4, infiniplex_staircase_pool,
          uniq_gastronok
Lair:3:   layout_concentric_octagons
Lair:4:   layout_layer_cave, minmay_shoals_entry_centaurs, spider_nest_entry_a,
          gammafunk_ghost_grave
Lair:5:   layout_hall_layers, minmay_slime_entry_pillars, basic_altar,
          serial_bayou_ford_a, minmay_stone_trees_small, beast_lair_carwin_9,
          serial_bayou_shore_b, lemuel_fruit_tree, infiniplex_staircase_pool_2
Lair:6:   hellmonk_lair_end_abyssal_woods, layout_regular_city,
          cheibrodos_lair_lostbears

Skill      XL: |  1  2  3  4  5  6  7  8  9 10 11 12 13 14 15 |
---------------+----------------------------------------------+-----
Invocations    | 1 2 3 4 5 6 7 8 9 10 11 | 11.4
Short Blades   | 1 2 3 4 5 6 7 8 9 10 | 10.4
Axes           | 1 2 3 4 5 6 7 8 9 10 | 10.4
Maces & Flails | 1 2 3 4 5 6 7 8 9 10 | 10.4
Polearms       | 1 2 3 4 5 6 7 8 9 10 | 10.4
Staves         | 1 2 3 4 5 6 7 8 9 10 | 10.4
Slings         | 1 2 3 4 5 6 7 8 9 10 | 10.4
Bows           | 1 2 3 4 5 6 7 8 9 10 | 10.4
Crossbows      | 1 2 3 4 5 6 7 8 9 10 | 10.4
Throwing       | 1 2 3 4 5 6 7 8 9 10 | 10.4
Armour         | 1 2 3 4 5 6 7 8 9 10 | 10.4
Dodging        | 1 2 3 4 5 6 7 8 9 10 | 10.4
Stealth        | 1 2 3 4 5 6 7 8 9 10 | 10.4
Shields        | 1 2 3 4 5 6 7 8 9 10 | 10.4
Unarmed Combat | 1 2 3 4 5 6 7 8 9 10 | 10.4
Evocations     | 1 2 3 4 5 6 7 8 9 10 | 10.4
Spellcasting   | 3 4 5 6 7 8 9 10 | 10.8
Conjurations   | 1 2 3 4 5 6 7 8 |  8.8
Hexes          | 1 2 3 4 5 6 7 8 |  8.8
Summonings     | 1 2 3 4 5 6 7 8 |  8.8
Necromancy     | 1 2 3 4 5 6 7 8 |  8.8
Translocations | 1 2 3 4 5 6 7 8 |  8.8
Transmutations | 1 2 3 4 5 6 7 8 |  8.8
Ice Magic      | 1 2 3 4 5 6 7 8 |  8.8
Air Magic      | 1 2 3 4 5 6 7 8 |  8.8
Earth Magic    | 1 2 3 4 5 6 7 8 |  8.8
Poison Magic   | 1 2 3 4 5 6 7 8 |  8.8
Fighting       | 7 8 9 10 11 12 | 12.2
Long Blades    | 7 8 9 10 11 12 | 12.2
Fire Magic     | 6 7 8 9 10 | 10.4

Action                   |  1- 3 |  4- 6 |  7- 9 | 10-12 | 13-15 || total
-------------------------+-------+-------+-------+-------+-------++-------
Melee: Falchion          |   120 |    58 |       |       |       ||   178
       Bite              |    10 |     8 |    23 |    80 |    95 ||   216
       Punch             |     3 |       |       |       |       ||     3
       Whip              |       |    46 |   243 |   613 |       ||   902
       Trident           |       |       |       |    10 |   735 ||   745
 Cast: Sticky Flame      |       |       |    19 |    51 |    33 ||   103
       Scorch            |       |       |     2 |    16 |     9 ||    27
       Conjure Flame     |       |       |     1 |     1 |       ||     2
       Magic Dart        |       |       |     7 |       |     5 ||    12
       Fireball          |       |       |       |    13 |    10 ||    23
       Freezing Cloud    |       |       |       |    11 |    84 ||    95
       Blink             |       |       |       |       |     1 ||     1
       Summon Cactus Gia |       |       |       |       |    10 ||    10
Invok: Fiery Armour      |     2 |     2 |       |     1 |     2 ||     7
       Foxfire Swarm     |       |       |       |       |     4 ||     4
       Rising Flame      |       |       |       |       |     1 ||     1
  Use: Scroll            |     1 |       |    11 |     7 |     8 ||    27
       Potion            |       |       |     1 |     3 |     2 ||     6
 Stab: Sleeping          |       |     1 |     1 |     9 |     5 ||    16
       Distracted        |       |       |       |       |     2 ||     2
       Invisible         |       |       |       |       |     1 ||     1
Armor: Robe              |    47 |    25 |    65 |   137 |   154 ||   428
Dodge: Dodged            |    52 |    61 |   137 |   345 |   305 ||   900
Block: Other             |    18 |    26 |    11 |       |       ||    55
       Buckler           |       |       |    84 |   307 |   313 ||   704
       Reflection        |       |       |     2 |    13 |    20 ||    35

Table legend: (Time is in decaauts)
 A = Elapsed time spent in this place.
 B = Non-inter-level travel time spent in this place.
 C = Inter-level travel time spent in this place.
 D = Time resting spent in this place.
 E = Time spent auto-exploring this place.
 F = Levels seen in this place.
 G = Mean time per level.
                   A        B        C        D        E       F      G
               +--------+--------+--------+--------+--------+-----+--------+
         Total |  24318 |  22818 |   1500 |   4554 |  13588 |  22 | 1105.4 |
       Dungeon |  16770 |  15583 |   1187 |   3059 |   9371 |  15 | 1118.0 |
        Temple |    237 |    210 |     27 |      0 |    170 |   1 |  237.0 |
          Lair |   7310 |   7024 |    286 |   1494 |   4046 |   6 | 1218.3 |
               +--------+--------+--------+--------+--------+-----+--------+

Top non-repeatable levels by time:
  Lair:6: 2019 daAuts
     D:8: 1820 daAuts
    D:12: 1617 daAuts
     D:1: 1548 daAuts
  Lair:4: 1543 daAuts
     D:7: 1539 daAuts
  Lair:5: 1240 daAuts
     D:9: 1221 daAuts
     D:3: 1181 daAuts
     D:2: 1019 daAuts
  Lair:1: 979 daAuts
    D:10: 968 daAuts
     D:5: 965 daAuts
    D:14: 962 daAuts
    D:11: 933 daAuts
